 Dungeon Crawl Stone Soup version 0.25-a0-576-g50b708a4c4 (webtiles) character file.

Game seed: 16479615843182230027, levelgen mode: classic

309524 EnegeticOcto the Champion of Chaos (level 19, -9/193 HPs)
             Began as a Deep Dwarf Fighter on Mar 1, 2020.
             Was the Champion of Makhleb.
             Mangled by an Orb Guardian (29 damage)
             ... on level 5 of the Realm of Zot.
             The game lasted 00:23:47 (22082 turns).

EnegeticOcto the Champion of Chaos (DDFi)          Turns: 22082, Time: 00:23:47

Health: -9/193     AC: 38    Str: 27    XL:     19   Next: 99%
Magic:  2/2        EV:  4    Int: 10    God:    Makhleb [******]
Gold:   1458       SH: 14    Dex: 15    Spells: 18/18 levels left

rFire    + + +     SeeInvis +   a - +5 broad axe (drain)
rCold    + + .     Gourm    .   c - +0 kite shield
rNeg     + . .     Faith    .   P - +7 plate armour of Rygh {rF++}
rPois    +         Spirit   .   N - +2 helmet {SInv}
rElec    +         Reflect  .   H - +1 cloak {rC+}
rCorr    +         Harm     +   I - +2 pair of gloves {Dex+3}
MR       +....                  (no boots)
Stlth    ..........             T - amulet of harm
HPRegen  0.00/turn              y - ring of poison resistance
MPRegen  0.08/turn              w - +5 ring of protection {=R}

@: mighty, about to teleport, resistant, vulnerable, marked, vertigo, stab, very
slightly contaminated, non-regenerating, hasted and slowed, lightly drained
A: damage resistance, heal wounds, claws 1, see invisible, mutation resistance
1, negative energy resistance 1, sense surroundings 3, screaming 1, no
regeneration
0: Orb of Zot
}: 3/15 runes: decaying, serpentine, slimy
a: Heal Wounds, Minor Destruction, Lesser Servant of Makhleb, Major Destruction,
Greater Servant of Makhleb, Renounce Religion


You were on level 5 of the Realm of Zot.
You worshipped Makhleb.
Makhleb was exalted by your worship.
You were very full.

You visited 7 branches of the dungeon, and saw 44 of its levels.
You also visited: Sewer and Ice Cave.

You collected 2101 gold pieces.
You spent 643 gold pieces at shops.

Inventory:

Hand Weapons
 a - a +5 broad axe of draining (weapon)
Armour
 c - a +0 kite shield (worn)
 H - a +1 cloak of cold resistance (worn)
 I - a +2 pair of gloves of dexterity (worn)
 N - a +2 helmet of see invisible (worn)
 P - the +7 plate armour of Rygh (worn) {rF++}
   (You found it on level 5 of the Depths)

   It greatly protects you from fire.
   If you remove this armour, your AC will decrease by 24 (38 -> 14).
Jewellery
 f - a +2 ring of slaying
 l - an uncursed ring of resist corrosion
 s - a cursed ring of attention {unknown}
 t - an uncursed amulet of the gourmand
 w - a +5 ring of protection (right hand) {=R}
 x - the amulet of Harmony {RegenMP *Corrode rF+ MR+ Int+3}
   (You found it on level 14 of the Dungeon)

   [amulet of magic regeneration]

   It increases your magic regeneration.
   It affects your intelligence (+3).
   It protects you from fire.
   It affects your resistance to hostile enchantments.
   It may corrode you when you take damage.
 y - a ring of poison resistance (left hand)
 T - an amulet of harm (around neck)
Wands
 u - a wand of scattershot (5)
 v - a wand of paralysis (21)
 B - a wand of polymorph (18)
Scrolls
 d - 4 scrolls of fog
 g - 18 scrolls of remove curse {@r6}
 i - 3 scrolls of blinking {@r3}
 D - a scroll of fear
 F - a scroll of silence
 G - 2 scrolls of vulnerability
 J - 2 scrolls of immolation {@r4}
 K - 18 scrolls of teleportation {@r2}
 L - a scroll of holy word
Potions
 b - 8 potions of flight
 h - 4 potions of magic
 j - a potion of stabbing {@q5}
 k - 2 potions of might {@q3}
 m - 5 potions of resistance {@q6}
 o - 5 potions of curing {@q1}
 p - 7 potions of heal wounds {@q2}
 q - 4 potions of lignification {@q7}
 r - a potion of ambrosia {unknown}
 z - 5 potions of invisibility
 C - 3 potions of mutation
 E - a potion of berserk rage
 M - 2 potions of cancellation
Miscellaneous
 Q - a lamp of fire
Comestibles
 e - 41 rations


   Skills:
 * Level 17.2(16.7) Fighting
 - Level 18.0(17.5) Axes
 + Level 14.8(14.4) Armour
 - Level 2.2(1.9) Dodging
 + Level 14.8(14.3) Shields
 * Level 22.3(21.7) Invocations


You had 18 spell levels left.
You didn't know any spells.
Your spell library was empty.

Dungeon Overview and Level Annotations

Branches:
Dungeon (15/15)            Temple (0/1) D:5            Lair (6/6) D:9
  Swamp (4/4) Lair:2        Snake (4/4) Lair:2        Slime (5/5) Lair:6
    Orc (0/2) D:12         Vaults (0/5) D:13         Depths (5/5) D:15
    Zot (5/5) Depths:5      Sewer (visited)           IceCv (visited)

Altars:
Dithmenos
Elyvilon
Kikubaaqudgha
Makhleb
Nemelex Xobeh
Okawaru
Sif Muna
Trog
Uskayaw
Vehumet
Wu Jian
Xom
Yredelemnul
The Shining One
Jiyva

Shops:
D:7 *   D:10 ?   D:13 [   D:15 }   Snake:2 (?   Snake:3 =

Portals:
Ziggurat: Depths:1

Annotations:
D:3 1 runed translucent door, surprisetrex's ghost, amateur HOFE
D:14 3 runed translucent doors, Hetsyfel's ghost, journeyman DsVM
D:15 1 runed translucent door, Jyzaat's ghost, journeyman DsNe
Lair:3 1 runed translucent door, Ezoatsupp's ghost, journeyman HOFi
Lair:5 exclusion: 4 oklob plants


Innate Abilities, Weirdness & Mutations

You are resistant to damage.
You can heal yourself by infusing magical energy.
You resist negative energy. (rN+)
You passively map a large area around you.
You do not regenerate.
You have sharp fingernails.
You have supernaturally acute eyesight. (SInv)
You are somewhat resistant to further mutation.
You occasionally shout uncontrollably at your foes.


Message History

The Killer Klown hits you but does no damage.
The Orb Guardian hits you. The Orb Guardian hits you!
* * * LOW HITPOINT WARNING * * *
You feel much better. The death cob hits you!
* * * LOW HITPOINT WARNING * * *
The Killer Klown throws klown pie at you.
The klown pie hits you!
Plum!
You feel your light-headedness will last longer.
* * * LOW HITPOINT WARNING * * *
The death cob hits you but does no damage.
You block the Orb Guardian's attack.
The ancient lich casts a spell.
An Orb Guardian comes into view.
The Orb Guardian hits you. The Orb Guardian hits you!
* * * LOW HITPOINT WARNING * * *
The Killer Klown trip-wires you with a +10 club!
* * * LOW HITPOINT WARNING * * *
The Killer Klown blinks!
The death cob hits you but does no damage.
You feel much better. The death cob hits you. The death cob drains your vigour!
You feel as though you will be slow longer.
You block the Orb Guardian's attack.
The ancient lich gestures at you while chanting.
You feel haunted.
A storm dragon comes into view.
The Orb Guardian hits you.
The Orb Guardian hits you but does no damage.
The ancient lich mumbles some strange words.
The ancient lich flickers and vanishes for a moment.
You block the death cob's attack.
The Killer Klown trip-wires you but does no damage.
The Killer Klown blinks!
The wraith hits you but does no damage.
Your magical essence is drained by the effort!
You feel much better. The death cob hits you.
The Orb Guardian hits you but does no damage.
You block the death cob's attack.
The tormentor roars, "I will feast on thy liver!"
The Killer Klown blinks!
The Orb Guardian hits you but does no damage.
The Orb Guardian hits you!!
* * * LOW HITPOINT WARNING * * *
The phantasmal warrior blinks! x2
You feel much better.
The Killer Klown blinks!
The ancient lich touches you but does no damage.
You block the Orb Guardian's attack.
The Orb Guardian hits you but does no damage.
The orb of fire glows yellow.
Strange energies course through your body.
You feel the urge to shout.
Cornered, the Orb Guardian turns to fight!
You block the Orb Guardian's attack. The tormentor gestures at you.
The Orb Guardian resists with almost no effort.
You pick up the Orb of Zot!
The Orb lets out a hideous shriek!
The lords of Pandemonium are not amused.
Beware!
Now all you have to do is get back out of the dungeon!
You flicker back into view.
The ancient lich casts a spell at you.
You feel haunted. You block the Orb Guardian's attack.
The Orb Guardian completely misses you.
The orb of fire glows yellow.
The bolt of fire hits you! You resist.
* * * LOW HITPOINT WARNING * * *
The bolt of fire hits the orb of fire.
The orb of fire completely resists.
The Orb Guardian hits you but does no damage.
You block the Orb Guardian's attack.
The Killer Klown blinks!
The ancient lich touches you!
* * * LOW HITPOINT WARNING * * *
The Orb Guardian hits you but does no damage.
A white draconian comes into view.
It is wielding a +2 short sword of draining.
The phantasmal warrior blinks!
The Orb Guardian hits you!
* * * LOW HITPOINT WARNING * * *
As you read the scroll of teleportation {@r2}, it crumbles to dust.
You feel strangely unstable.
You feel the Orb delaying your translocation!
Your extra speed is starting to run out.
The Orb Guardian hits you but does no damage.
You block the Orb Guardian's attack.
The ancient lich touches you but does no damage.
The Orb Guardian hits you!
* * * LOW HITPOINT WARNING * * *
The Killer Klown blinks!
The Orb Guardian hits you!
* * * LOW HITPOINT WARNING * * *
The Orb Guardian hits you!
* * * LOW HITPOINT WARNING * * *
The phantasmal warrior blinks!
A storm dragon comes into view.
The Orb Guardian hits you but does no damage.
You feel much better.
The ancient lich touches you but does no damage.
The Orb Guardian hits you but does no damage.
The tormentor calls on the powers of darkness!
The Orb Guardian convulses! x5; Your body is wracked with pain!
* * * LOW HITPOINT WARNING * * *
The storm dragon convulses!
The Killer Klown convulses!
The white draconian convulses!
The Killer Klown convulses!
The yellow draconian convulses!
The Orb Guardian convulses! x4
The storm dragon convulses!
The Orb Guardian convulses! x2
The Killer Klown convulses!
The Orb Guardian hits you!!
You die...

** *** * * * , * ▓▓▓.,, ,,
, * #▓.^... , , ,
##...X..., , , ,*
▓▓▓▓▓▓▓▓▓ #.^p..... , , ,
▓▓....W..▓▓▓..X..... ,, ,
,▓▓..XXpWW..▓▓........ ,
D▓.^W3*XXXX§§▓W§...8.. ,
,,ddDWXL*@Lpp§W§*§.D....,,
,, q▓..XXXX*W§§§▓zW......
, ▓▓..2Wz.W§§▓▓...d.... ,
, *▓▓..^....▓▓▓.W^..... ,
,, ▓▓▓▓▓▓▓▓▓ ▓....d...,, ,
, , ,* ▓▓.^....., *
*▓▓..... ▓▓▓^. ▓▓


You could see 3 orbs of fire, 3 Killer Klowns, 2 ancient liches, 2 storm
dragons, a yellow draconian, a white draconian, a death cob, 11 Orb Guardians, a
green draconian scorcher, a soul eater, a shadow wraith (invisible), 2
phantasmal warriors, 2 freezing wraiths, a tormentor, a hungry ghost and 2
wraiths.

Vanquished Creatures
  the Royal Jelly (Slime:5)
  2 juggernauts (Depths:3)
  A curse toe (Zot:4)
  A golden dragon (Zot:1)
  4 tentacled monstrosities
  2 Orb Guardians (Zot:5)
  2 quicksilver dragons
  A lich (Depths:4)
  A death cob (Zot:5)
  10 acid blobs
  Agnes (Snake:2)
  A sphinx (Depths:1)
  2 thorn hunters
  A tengu reaver (Depths:3)
  3 shadow dragons
  A draconian monk (Depths:5)
  5 azure jellies (Slime:5)
  Kirke (D:15)
  2 storm dragons
  3 fire giants (Depths:3)
  2 nagarajas
  A frost giant (Depths:4)
  Louise (Swamp:3)
  3 draconian shifters
  2 spriggan defenders (Depths:3)
  3 draconian scorchers
  A draconian stormcaller (Zot:3)
  5 stone giants
  17 very ugly things
  An entropy weaver (Lair:5)
  A reaper (IceCv)
  A draconian annihilator (Zot:2)
  A vampire knight (Depths:2)
  2 black draconians (Zot:4)
  A green draconian (Zot:3)
  A deep elf demonologist (Depths:4)
  4 red draconians
  A deep elf annihilator (Depths:3)
  A white draconian (Zot:3)
  4 purple draconians
  14 spark wasps
  2 yellow draconians
  5 death oozes (Slime:5)
  A deep elf death mage (Depths:3)
  3 ettins
  3 yaktaur captains
  Josephine (D:12)
  A deep elf high priest (Depths:3)
  5 great orbs of eyes
  9 fire dragons
  3 jiangshi (Depths:1)
  A rakshasa (Depths:4)
  5 naga warriors
  3 hydras (Swamp:4)
  2 ice dragons (Depths:5)
  A shambling mangrove (Swamp:4)
  3 centaur warriors (D:15)
  4 anacondas
  A spriggan air mage (Depths:2)
  5 two-headed ogres
  A deep troll shaman (Depths:3)
  A deep troll earth mage (Depths:3)
  10 alligators
  2 death yaks (Lair:5)
  A vampire mage (Depths:1)
  A queen ant (Lair:5)
  4 tengu warriors
  3 naga sharpshooters
  4 spriggan berserkers
  A shock serpent (Snake:1)
  A spark wasp zombie (Depths:4)
  A fire crab (Lair:6)
  4 hell knights (Depths:4)
  4 skeletal warriors (D:15)
  An unseen horror (shapeshifter) (D:11)
  A salamander mystic (Snake:3)
  A deep troll (shapeshifter) (Depths:3)
  3 deep trolls (Depths:3)
  A spriggan druid (Swamp:3)
  A swamp dragon (shapeshifter) (Depths:1)
  A wizard (Depths:1)
  A glowing orange brain (Depths:4)
  4 swamp dragons (Swamp:4)
  3 unseen horrors
  4 naga ritualists (Snake:4)
  A flayed ghost (Depths:2)
  A lindwurm (Swamp:4)
  2 harpies (shapeshifter)
  A necromancer (Depths:4)
  5 mana vipers
  2 deep elf magi
  An orc knight (D:15)
  2 cyclopes
  3 manticores
  7 salamanders
  8 ugly things
  4 moths of wrath
  2 guardian serpents
  8 black mambas
  8 naga magi
  2 ice statues (IceCv)
  A torpor snail (Lair:5)
  An eye of devastation (Slime:5)
  A black mamba (shapeshifter) (Depths:4)
  A gargoyle (D:11)
  9 spiny frogs
  4 rime drakes
  16 yaktaurs
  7 ice devils (IceCv)
  3 komodo dragons
  3 tengu conjurers
  A troll (shapeshifter) (D:14)
  5 trolls
  A queen bee (shapeshifter) (D:15)
  2 polar bears (Lair:6)
  4 tyrant leeches
  6 bog bodies
  10 hornets
  7 blink frogs (Lair:5)
  74 slime creatures
  A dream sheep (shapeshifter) (Depths:2)
  3 meliai zombies
  7 hippogriffs
  5 spriggans
  A human (D:7)
  A vampire (D:14)
  4 water elementals (Depths:4)
  6 wraiths
  A golden eye (Slime:5)
  7 hogs
  3 wyverns
  8 vampire mosquitoes
  43 yaks
  2 basilisks
  3 wargs
  5 insubstantial wisps (Swamp:1)
  9 swamp worms
  19 nagas
  16 soldier ants (Lair:5)
  8 water moccasins
  A floating eye (Depths:4)
  5 porcupines
  4 swamp drakes
  A black bear (shapeshifter) (D:13)
  5 ice beasts
  7 sky beasts
  2 phantoms (D:11)
  2 black bears
  8 orc warriors
  An eye of draining (D:13)
  2 necrophages
  5 ogres
  6 boggarts
  7 wolves
  18 centaurs
  6 crocodiles
  7 big kobolds
  16 bullfrogs
  A wyvern zombie (D:8)
  4 scorpions
  11 killer bees (D:9)
  10 wights
  3 vampire bats (D:7)
  3 electric eels (D:14)
  5 howler monkeys
  7 jellies
  4 centaur zombies
  14 crimson imps
  A quasit (D:8)
  7 hounds
  4 centaur skeletons
  16 orc priests
  19 orc wizards
  2 bullfrog skeletons
  6 iguanas
  4 hell rats (Lair:6)
  19 worker ants
  A hound zombie (D:5)
  A hound skeleton (D:9)
  Robin (D:2)
  17 adders
  4 river rats (Sewer)
  4 shadow imps
  6 white imps (IceCv)
  13 ufetubi (IceCv)
  7 oozes
  7 worms
  A dart slug (D:1)
  11 leopard geckos
  64 orcs
  3 bat skeletons (D:7)
  3 bat zombies (D:7)
  6 giant cockroaches
  11 hobgoblins
  15 jackals
  17 kobolds
  5 quokkas
  3 ball pythons
  3 bats (D:3)
  18 goblins
  A quokka skeleton (D:4)
  6 rats
  3 bushes (D:12)
  3 fungi
1071 creatures vanquished.

Vanquished Creatures (collateral kills)
  An acid blob (Slime:5)
  A thorn hunter (Swamp:4)
  Gastronok (Lair:2)
  6 nagarajas (Snake:4)
  2 azure jellies (Slime:5)
  Aizul (Snake:1)
  A draconian annihilator (Zot:3)
  An entropy weaver (Lair:5)
  3 very ugly things (Depths:4)
  A yellow draconian (Zot:3)
  A white draconian (Zot:3)
  3 death oozes (Slime:5)
  A yaktaur captain (Depths:4)
  A rakshasa (Depths:4)
  11 hydras
  7 naga warriors (Snake:4)
  5 naga sharpshooters (Snake:4)
  A shock serpent (Snake:1)
  A hell knight (Depths:4)
  A spriggan druid (Swamp:4)
  4 swamp dragons (Swamp:4)
  2 naga ritualists (Snake:4)
  A lindwurm (Swamp:4)
  2 ugly things (Depths:4)
  A cyclops (D:15)
  A centaur zombie (D:15)
  8 naga magi (Snake:4)
  An eye of devastation (Slime:5)
  2 spiny frogs
  Maggie (Lair:2)
  A gargoyle (D:12)
  A yaktaur (Depths:4)
  A red devil (Depths:4)
  A polar bear (Lair:5)
  A troll (D:15)
  A hornet (Swamp:4)
  A slime creature (Slime:5)
  A blink frog (Lair:5)
  A hippogriff (Lair:2)
  A human (Zot:3)
  9 nagas
  A swamp worm (Swamp:4)
  3 soldier ants (Lair:5)
  An ice beast (D:15)
  3 swamp drakes (Swamp:4)
  A sky beast (D:12)
  An electric eel (D:12)
  4 worker ants (Lair:5)
  2 briar patches (Swamp:4)
  A butterfly (Lair:5)
109 creatures vanquished.

Vanquished Creatures (others)
  A quicksilver dragon (Depths:4)
  A black mamba (Snake:4)
  A hornet (Swamp:3)
  A bog body (Swamp:4)
  A boggart (Depths:3)
  3 ufetubi (IceCv)
  A quokka (D:6)
  6 briar patches
  A bush (D:12)
  5 fungi
  9 plants
  9 toadstools (Swamp:3)
39 creatures vanquished.

Grand Total: 1219 creatures vanquished

Notes
Turn   | Place    | Note
-------+----------+-------------------------------------------
     0 | D:1      | EnegeticOcto the Deep Dwarf Fighter began the quest for the
                  | Orb.
     0 | D:1      | Reached XP level 1. HP: 20/20 MP: 1/1
   106 | D:1      | Reached XP level 2. HP: 22/27 MP: 2/2
   205 | D:2      | Noticed Robin
   213 | D:2      | Reached XP level 3. HP: 20/34 MP: 3/3
   235 | D:2      | Killed Robin
   235 | D:2      | Reached skill level 1 in Dodging
   381 | D:3      | Reached XP level 4. HP: 18/42 MP: 4/4
   467 | D:3      | Found a runed translucent door.
   471 | D:3      | Noticed surprisetrex's ghost (amateur HOFE)
   524 | D:3      | Reached XP level 5. HP: 48/49 MP: 5/5
   575 | D:3      | Found a shimmering blue altar of Sif Muna.
   729 | D:3      | Found an iron altar of Okawaru.
   756 | D:4      | Found a shimmering altar of Xom.
   984 | D:4      | Reached XP level 6. HP: 43/57 MP: 6/6
  1116 | D:4      | Found a shadowy altar of Dithmenos.
  1212 | D:4      | Found a burning altar of Makhleb.
  1321 | D:4      | Became a worshipper of Makhleb the Destroyer
  1589 | D:5      | Entered Level 5 of the Dungeon
  1630 | D:5      | Found a staircase to the Ecumenical Temple.
  1654 | D:5      | Reached skill level 1 in Invocations
  1690 | D:5      | Found a sparkling altar of Nemelex Xobeh.
  1903 | D:5      | Reached skill level 2 in Invocations
  1903 | D:5      | Reached XP level 7. HP: 40/66 MP: 8/8
  2031 | D:5      | Reached * piety under Makhleb
  2033 | D:5      | Reached skill level 5 in Axes
  2087 | D:5      | Noticed Ijyb
  2096 | D:5      | Paralysed by Ijyb for 7 turns
  2104 | D:5      | Noticed Ijyb
  2104 | D:5      | Ijyb changed into Ijyb the iguana
  2105 | D:5      | Noticed Ijyb
  2105 | D:5      | Ijyb the iguana changed into Ijyb the boggart
  2109 | D:5      | Killed Ijyb the boggart
  2261 | D:5      | Reached skill level 3 in Invocations
  2551 | D:6      | Found a glowing drain.
  2569 | Sewer    | Entered a sewer
  2660 | Sewer    | Reached skill level 5 in Fighting
  2721 | Sewer    | Reached skill level 5 in Armour
  2721 | Sewer    | Reached skill level 5 in Shields
  2721 | Sewer    | Reached XP level 8. HP: 61/74 MP: 7/7
  2722 | Sewer    | Reached skill level 4 in Invocations
  3195 | D:6      | Found a white marble altar of Elyvilon.
  3226 | D:6      | Reached ** piety under Makhleb
  3240 | D:6      | Reached skill level 5 in Invocations
  3340 | D:6      | Gained mutation: Your magical capacity is low. (-10% MP)
                  | [potion of mutation]
  3340 | D:6      | Gained mutation: Your muscles are strong. (Str +2) [potion
                  | of mutation]
  3340 | D:6      | Gained mutation: You tend to lose your temper in combat.
                  | [potion of mutation]
  3340 | D:6      | Gained mutation: You are agile. (Dex +2) [potion of
                  | mutation]
  3341 | D:6      | Lost mutation: You tend to lose your temper in combat.
                  | [potion of mutation]
  3341 | D:6      | Lost mutation: Your muscles are strong. (Str +2) [potion of
                  | mutation]
  3341 | D:6      | Gained mutation: Scrolls take you a little longer to read.
                  | [potion of mutation]
  3341 | D:6      | Gained mutation: Your spells are a little harder to cast,
                  | but a little more powerful. [potion of mutation]
  3342 | D:6      | Lost mutation: You are agile. (Dex +2) [potion of mutation]
  3342 | D:6      | Lost mutation: Scrolls take you a little longer to read.
                  | [potion of mutation]
  3342 | D:6      | Lost mutation: Your spells are a little harder to cast, but
                  | a little more powerful. [potion of mutation]
  3342 | D:6      | Gained mutation: Armour fits poorly on your strangely
                  | shaped body. [potion of mutation]
  3342 | D:6      | Gained mutation: Your muscles are strong. (Str +2) [potion
                  | of mutation]
  3342 | D:6      | Gained mutation: You expend magic power (3 MP) to
                  | strengthen your wands. [potion of mutation]
  4250 | D:7      | Found a basalt altar of Yredelemnul.
  4281 | D:7      | Found a bloodstained altar of Trog.
  4300 | D:7      | Reached skill level 6 in Invocations
  4314 | D:7      | Gained mutation: You passively map the area around you.
                  | [Deep Dwarf growth]
  4314 | D:7      | Reached XP level 9. HP: 70/82 MP: 7/7
  4356 | D:7      | You fall into a shaft and drop 3 floors!
  4356 | D:10     | Entered Level 10 of the Dungeon
  4483 | D:9      | Reached skill level 7 in Invocations
  4486 | D:9      | Found a staircase to the Lair.
  4516 | D:9      | Reached *** piety under Makhleb
  4949 | D:7      | Lost mutation: Your magical capacity is low. (-10% MP)
                  | [potion of mutation]
  4949 | D:7      | Lost mutation: You expend magic power (3 MP) to strengthen
                  | your wands. [potion of mutation]
  4949 | D:7      | Gained mutation: You are agile. (Dex +2) [potion of
                  | mutation]
  4949 | D:7      | Gained mutation: You are somewhat resistant to further
                  | mutation. [potion of mutation]
  4949 | D:7      | Gained mutation: You have supernaturally acute eyesight.
                  | (SInv) [potion of mutation]
  4971 | D:7      | Found Giuliac's Assorted Antiques.
  5017 | D:7      | Found an ancient bone altar of Kikubaaqudgha.
  5120 | D:7      | Reached skill level 8 in Invocations
  5183 | D:7      | Found an ornate altar of the Wu Jian Council.
  5282 | D:8      | Reached XP level 10. HP: 81/94 MP: 9/9
  5337 | D:8      | Found a hide-covered altar of Uskayaw.
  5454 | D:8      | Reached **** piety under Makhleb
  6022 | D:9      | Noticed a two-headed ogre
  6045 | D:9      | Killed a two-headed ogre
  6045 | D:9      | Reached skill level 9 in Invocations
  6062 | D:9      | Found a radiant altar of Vehumet.
  6063 | D:9      | Found a glowing golden altar of the Shining One.
  6738 | D:10     | Reached ***** piety under Makhleb
  6821 | D:10     | Noticed an unseen horror
  6828 | D:10     | Killed an unseen horror
  6828 | D:10     | Reached skill level 10 in Invocations
  6855 | D:10     | Reached XP level 11. HP: 104/104 MP: 7/7
  7038 | D:10     | Found Yqimy's Magic Scroll Emporium.
  7041 | D:10     | Bought a scroll of fog for 26 gold pieces
  7041 | D:10     | Bought a scroll of blinking for 97 gold pieces
  7041 | D:10     | Bought a scroll of enchant armour for 97 gold pieces
  7519 | D:11     | Noticed an unseen horror
  7519 | D:11     | a shapeshifter changed into an unseen horror
  7526 | D:11     | Killed an unseen horror
  7526 | D:11     | Reached skill level 10 in Axes
  7639 | D:11     | Noticed a two-headed ogre
  7650 | D:11     | Killed a two-headed ogre
  7707 | D:11     | Noticed a brown ugly thing
  7719 | D:11     | Killed a brown ugly thing
  7719 | D:11     | Reached skill level 11 in Invocations
  8067 | D:12     | Noticed an eight-headed hydra
  8104 | D:12     | Killed a 15-headed hydra
  8236 | D:12     | Noticed a deep elf mage
  8240 | D:12     | Killed a deep elf mage
  8285 | D:12     | Noticed Josephine
  8305 | D:12     | Killed Josephine
  8348 | D:12     | Reached XP level 12. HP: 64/115 MP: 7/7
  8368 | D:12     | Found a staircase to the Orcish Mines.
  8443 | D:12     | Reached skill level 12 in Invocations
  9150 | D:13     | Found Xuucvoe's Armour Emporium.
  9249 | D:13     | Reached skill level 10 in Fighting
  9445 | D:13     | Noticed a tengu warrior
  9465 | D:13     | Killed a tengu warrior
  9564 | D:13     | Noticed a two-headed ogre
  9579 | D:13     | Killed a two-headed ogre
  9814 | D:13     | Reached skill level 13 in Invocations
  9833 | D:13     | Found a gate to the Vaults.
 10162 | D:14     | Reached ****** piety under Makhleb
 10194 | D:14     | Got a smoking crystal amulet
 10195 | D:14     | Identified the amulet of Harmony {RegenMP *Corrode rF+ MR+
                  | Int+3} (You found it on level 14 of the Dungeon)
 10358 | D:14     | Noticed a deep elf annihilator
 10359 | D:14     | Found a runed translucent gate.
 10359 | D:14     | Found a runed translucent gate.
 10360 | D:14     | Noticed a fire dragon
 10360 | D:14     | Noticed a seven-headed hydra
 10361 | D:14     | Found a runed translucent gate.
 10361 | D:14     | Noticed Hetsyfel's ghost (journeyman DsVM)
 10767 | D:14     | Noticed a two-headed ogre
 10781 | D:14     | Reached XP level 13. HP: 95/124 MP: 10/10
 10871 | D:14     | Noticed a fire dragon
 10897 | D:14     | Killed a fire dragon
 11042 | D:15     | Entered Level 15 of the Dungeon
 11170 | D:15     | Reached skill level 14 in Invocations
 11171 | D:15     | Noticed Kirke
 11195 | D:15     | Killed Kirke
 11338 | D:15     | Found a runed translucent door.
 11360 | D:15     | Reached skill level 10 in Armour
 11470 | D:15     | Reached skill level 10 in Shields
 11511 | D:15     | Found Veaqipagg's Gadget Shoppe.
 11528 | D:15     | Found a radiant altar of Vehumet.
 11913 | D:15     | Found a staircase to the Depths.
 12000 | D:15     | Noticed Jyzaat's ghost (journeyman DsNe)
 12183 | Lair:1   | Entered Level 1 of the Lair of Beasts
 12223 | Lair:1   | Lost mutation: Armour fits poorly on your strangely shaped
                  | body. [potion of mutation]
 12223 | Lair:1   | Lost mutation: You are agile. (Dex +2) [potion of mutation]
 12223 | Lair:1   | Lost mutation: Your muscles are strong. (Str +2) [potion of
                  | mutation]
 12223 | Lair:1   | Gained mutation: You have sharp fingernails. [potion of
                  | mutation]
 12428 | Lair:2   | Found a staircase to the Snake Pit.
 12428 | Lair:2   | Noticed Gastronok
 12448 | Lair:2   | Killed Gastronok
 12448 | Lair:2   | Gained mutation: You resist negative energy. (rN+) [Deep
                  | Dwarf growth]
 12448 | Lair:2   | Reached XP level 14. HP: 84/136 MP: 8/8
 12714 | Lair:2   | Noticed Maggie
 12732 | Lair:2   | Killed Maggie
 12889 | Lair:2   | Reached skill level 15 in Invocations
 12986 | Lair:2   | Found a staircase to the Swamp.
 13109 | Lair:3   | Found a runed translucent door.
 13111 | Lair:3   | Noticed Ezoatsupp's ghost (journeyman HOFi)
 13112 | Lair:3   | Identified the cursed +1 spear of Tumythol {vorpal, Str+6}
 13435 | Lair:3   | Found a frozen archway.
 13452 | IceCv    | Entered an ice cave
 13646 | IceCv    | Noticed a reaper
 13664 | IceCv    | Killed a reaper
 15094 | Lair:5   | Noticed an entropy weaver
 15102 | Lair:5   | Noticed an entropy weaver
 15131 | Lair:5   | Killed an entropy weaver
 15138 | Lair:5   | Killed an entropy weaver
 15593 | Lair:6   | Entered Level 6 of the Lair of Beasts
 15700 | Lair:6   | Reached skill level 16 in Invocations
 15790 | Lair:6   | Found a staircase to the Slime Pits.
 15985 | Lair:6   | Got a scorched zirconium amulet
 15986 | Lair:6   | Identified the amulet "Viydeimn" {+Rage Int+3} (You found
                  | it on level 6 of the Lair of Beasts)
 16572 | Snake:1  | Entered Level 1 of the Snake Pit
 16737 | Snake:1  | Noticed Aizul
 16748 | Snake:1  | Killed Aizul
 16748 | Snake:1  | Reached XP level 15. HP: 115/146 MP: 8/8
 16835 | Snake:2  | Noticed a nagaraja
 16862 | Snake:2  | Killed a nagaraja
 17055 | Snake:2  | Noticed Agnes
 17069 | Snake:2  | Killed Agnes
 17215 | Snake:2  | Found Laklitoh's Magic Scroll Shoppe.
 17215 | Snake:2  | Found Ocuz's Antique Weapon Emporium.
 17235 | Snake:2  | Bought a scroll of fog for 36 gold pieces
 17235 | Snake:2  | Bought a scroll of teleportation for 54 gold pieces
 17235 | Snake:2  | Bought a scroll of magic mapping for 63 gold pieces
 17235 | Snake:2  | Bought a scroll of enchant weapon for 135 gold pieces
 17235 | Snake:2  | Bought a scroll of blinking for 135 gold pieces
 17290 | Snake:4  | Entered Level 4 of the Snake Pit
 17456 | Snake:4  | Reached skill level 15 in Axes
 17579 | Snake:4  | Noticed a nagaraja
 17579 | Snake:4  | Noticed a nagaraja
 17580 | Snake:4  | Noticed a nagaraja
 17592 | Snake:4  | Killed a nagaraja
 17592 | Snake:4  | Reached skill level 17 in Invocations
 17593 | Snake:4  | Killed a nagaraja
 17593 | Snake:4  | Noticed a nagaraja
 17593 | Snake:4  | Killed a nagaraja
 17598 | Snake:4  | Noticed a nagaraja
 17600 | Snake:4  | Noticed a nagaraja
 17601 | Snake:4  | Killed a nagaraja
 17607 | Snake:4  | Noticed a nagaraja
 17615 | Snake:4  | Killed a nagaraja
 17617 | Snake:4  | Killed a nagaraja
 17632 | Snake:4  | Killed a nagaraja
 17661 | Snake:4  | Got a serpentine rune of Zot
 17816 | Snake:3  | Found Fatheitu's Jewellery Boutique.
 17997 | Swamp:1  | Entered Level 1 of the Swamp
 18022 | Swamp:1  | Reached XP level 16. HP: 157/157 MP: 5/5
 18340 | Swamp:3  | Noticed a thorn hunter
 18355 | Swamp:3  | Noticed Louise
 18361 | Swamp:3  | Killed a thorn hunter
 18382 | Swamp:3  | Killed Louise
 18514 | Swamp:4  | Entered Level 4 of the Swamp
 18551 | Swamp:4  | Noticed a thorn hunter
 18555 | Swamp:4  | Reached skill level 18 in Invocations
 18582 | Swamp:4  | Killed a thorn hunter
 18626 | Swamp:4  | Noticed a thorn hunter
 18645 | Swamp:4  | Killed a thorn hunter
 18651 | Swamp:4  | Got a decaying rune of Zot
 18888 | Slime:1  | Entered Level 1 of the Pits of Slime
 18901 | Slime:1  | Noticed an acid blob
 18914 | Slime:1  | Killed an acid blob
 18955 | Slime:3  | Noticed an acid blob
 18959 | Slime:3  | Killed an acid blob
 19035 | Slime:5  | Entered Level 5 of the Pits of Slime
 19051 | Slime:5  | Noticed an acid blob
 19067 | Slime:5  | Killed an acid blob
 19067 | Slime:5  | Reached XP level 17. HP: 168/168 MP: 7/7
 19069 | Slime:5  | Noticed an acid blob
 19078 | Slime:5  | Noticed an acid blob
 19090 | Slime:5  | Killed an acid blob
 19096 | Slime:5  | Killed an acid blob
 19168 | Slime:5  | Noticed the Royal Jelly
 19169 | Slime:5  | Found a viscous altar of Jiyva.
 19171 | Slime:5  | Noticed an acid blob
 19183 | Slime:5  | Killed an acid blob
 19188 | Slime:5  | Noticed an acid blob
 19188 | Slime:5  | Noticed an acid blob
 19193 | Slime:5  | Noticed an acid blob
 19203 | Slime:5  | Noticed an acid blob
 19207 | Slime:5  | Killed an acid blob
 19213 | Slime:5  | Killed an acid blob
 19226 | Slime:5  | Killed an acid blob
 19232 | Slime:5  | Killed an acid blob
 19240 | Slime:5  | Reached skill level 19 in Invocations
 19242 | Slime:5  | Noticed an acid blob
 19244 | Slime:5  | Killed the Royal Jelly
 19263 | Slime:5  | Killed an acid blob
 19283 | Slime:5  | Got a slimy rune of Zot
 19311 | Slime:5  | Found the +3 robe of Folly {Archmagi, MR-- Int+5}
 19317 | Slime:5  | Got a heavily runed copper ring
 19360 | Slime:5  | Got a steaming amber ring
 19362 | Slime:5  | Identified the Catalogue of the Compass
 19369 | Slime:5  | Identified the ring "Puedyer" {*Tele rPois} (You found it
                  | on level 5 of the Pits of Slime)
 19372 | Slime:5  | Identified the ring "Ipycor" {Int+4 SInv} (You found it on
                  | level 5 of the Pits of Slime)
 19462 | Slime:1  | Noticed an acid blob
 19810 | Depths:1 | Entered Level 1 of the Depths
 19889 | Depths:1 | Found a gateway to a ziggurat.
 19966 | Depths:1 | Reached skill level 15 in Fighting
 20458 | Depths:3 | Noticed a quicksilver dragon
 20466 | Depths:3 | Gained mutation: You passively map a large area around you.
                  | [Deep Dwarf growth]
 20466 | Depths:3 | Reached XP level 18. HP: 178/178 MP: 4/4
 20469 | Depths:3 | Noticed a juggernaut
 20493 | Depths:3 | Reached skill level 20 in Invocations
 20493 | Depths:3 | Killed a juggernaut
 20501 | Depths:3 | Noticed a tentacled monstrosity
 20501 | Depths:3 | Noticed a juggernaut
 20521 | Depths:3 | Killed a tentacled monstrosity
 20550 | Depths:3 | Killed a juggernaut
 20815 | Depths:3 | Paralysed by a hornet for 1 turns
 20887 | Depths:4 | Noticed a Tzitzimitl
 20942 | Depths:4 | Paralysed by a floating eye for 4 turns
 21047 | Depths:4 | Reached skill level 21 in Invocations
 21056 | Depths:4 | Reached XP level 19. HP: 118/188 MP: 6/6
 21088 | Depths:4 | Noticed a Tzitzimitl
 21392 | Depths:5 | Entered Level 5 of the Depths
 21477 | Depths:5 | Got a transparent plate armour
 21488 | Depths:5 | Identified the +7 plate armour of Rygh {rF++} (You found it
                  | on level 5 of the Depths)
 21572 | Depths:5 | Found a gate to the Realm of Zot.
 21578 | Zot:1    | Entered Level 1 of the Realm of Zot
 21630 | Zot:1    | Noticed a golden dragon
 21642 | Zot:1    | Killed a golden dragon
 21907 | Zot:4    | Noticed a curse toe
 21927 | Zot:4    | Killed a curse toe
 21927 | Zot:4    | Reached skill level 22 in Invocations
 22021 | Zot:5    | Entered Level 5 of the Realm of Zot
 22049 | Zot:5    | Noticed a Killer Klown
 22049 | Zot:5    | Noticed an orb of fire
 22049 | Zot:5    | Noticed an ancient lich
 22062 | Zot:5    | Noticed an electric golem
 22068 | Zot:5    | Noticed a Killer Klown
 22070 | Zot:5    | Noticed a Killer Klown
 22071 | Zot:5    | Noticed an orb of fire
 22071 | Zot:5    | Noticed an ancient lich
 22071 | Zot:5    | Noticed an orb of fire
 22071 | Zot:5    | Noticed an electric golem
 22073 | Zot:5    | Noticed a Killer Klown
 22079 | Zot:5    | Gained mutation: You occasionally shout uncontrollably at
                  | your foes. [an orb of fire]
 22080 | Zot:5    | Got the Orb of Zot
 22081 | Zot:5    | HP: 9/193 [Orb Guardian (5)]
 22082 | Zot:5    | Mangled by an Orb Guardian

Levels and vault maps discovered:
D:1:      dpeg_arrival_tiny_c, layout_basic, minmay_stone_trees_small
D:2:      layout_loops_ring, uniq_robin
D:3:      layout_loops_cross, lemuel_round_altar, first_ration,
          ebering_ghost_sewer_d, kennysheep_okawaru_gauntlet
D:4:      layout_loops_cross, lemuel_round_altar, kennysheep_mini_moat,
          lemuel_round_altar, corner_web_ring, kennysheep_generic_room_4
D:5:      layout_cave_pods, lemuel_round_altar, minmay_temple_entry_slanted,
          uniq_ijyb
D:6:      layout_basic, elyvilon_altar_4, gup_sewer_entry_pipe
D:7:      layout_cave_pools, lemuel_crystal_altar, kennysheep_vampire_church,
          marbit_many_paths, lemuel_crystal_altar, serial_shops, shop,
          grunt_livestock
D:8:      layout_cave_pods, overflow_temple_1_default, minmay_misc_feat_alley
D:9:      corexii_shack_village, layout_irregular_city,
          chequers_temple_overflow_statue_of_worship, erik_lair_orcish_takeover
D:10:     layout_small_grid, serial_shops, shop
D:11:     layout_loops_ring
D:12:     layout_basic, orc_0_dummy, minmay_hedge_maze, uniq_josephine
D:13:     layout_loops_cross, david_vaults_4, serial_shops, shop
D:14:     layout_basic, serial_park_square3 [serial_park_minivault_5x5_3],
          gammafunk_ghost_split
D:15:     grunt_enter_depths_snipers, layout_irregular_city, serial_shops, shop,
          hangedman_decor_opposing, basic_altar, ebering_ghost_inner_flame,
          uniq_kirke
Lair:1:   layout_hall_layers, uniq_erica, uniq_urug
Lair:2:   layout_cave_pods, minmay_swamp_entry_worms,
          minmay_snake_entry_guardpost_small, uniq_maggie, uniq_gastronok
Lair:3:   layout_small_grid, portal_ice_cave_rime, ebering_ghost_funeral_grove,
          grunt_megastairs_4
Lair:4:   layout_roguey, serial_bayou_shore_b
Lair:5:   layout_long_grid, zaba_antful_of_joy, minmay_lair_oklob_chamber,
          infiniplex_staircase_pool_2, lemuel_fruit_fields
Lair:6:   due_jungle_book, layout_small_grid, nicolae_slime_entry_slimehenge
Swamp:1:  layout_falls_marsh, hangedman_swamp_ruin_wall
Swamp:2:  layout_basic_swamp, evilmike_swamp_ruin_rubble_2, uniq_roxanne
Swamp:3:  cheibrodos_swamp_tower_of_moss, layout_falls_marsh,
          hangedman_swamp_lotus, swamp_pool2, uniq_louise
Swamp:4:  swamp_alternative, layout_basic_swamp
Snake:1:  layout_layer_cave, uniq_aizul
Snake:2:  layout_chambers, special_room, drop_trap, minmay_shoptagon,
          grunt_megastairs_3, uniq_agnes
Snake:3:  layout_misc_corridors, serial_shops, shop, minmay_shop_grove,
          lemuel_fruit_tree
Snake:4:  snake_pit, layout_cave_shapes
Slime:1:  layout_caves, cheibrodos_slime_lost_civilization_4
Slime:2:  layout_caves
Slime:3:  layout_caves, cheibrodos_slime_lost_civilization_6, uniq_dissolution
Slime:4:  layout_caves, nicolae_slime_phagocytosis
Slime:5
Depths:1: layout_cave_shapes, enter_ziggurat_f, minmay_tree_intersection,
          hellmouth_1, chequers_hall_statues_wall_a,
          hangedman_cracks_in_the_wall
Depths:2: minmay_the_grid_four_pointed_star_mashed
          [minmay_the_grid_triangle_9x9_checkered,
          minmay_the_grid_triangle_9x9_subtriangle,
          minmay_the_grid_triangle_9x9_windchime,
          minmay_the_grid_triangle_9x9_swiss_cheese,
          minmay_the_grid_prize_trominoes], layout_gridville, hell_entry,
          minmay_misc_feat_diagonals, minmay_staircase_statues_hall_small,
          serial_bayou_shore_b, uniq_asterion
Depths:3: minmay_crescents, layout_gridlike, enter_trove_0,
          rand_demon_pan_entry_9, hangedman_tar_grid_catacomb,
          nicolae_two_hexagons, grunt_decor_fettered,
          hangedman_abyss_or_decor_stabs, minmay_staircase_windowed_small
Depths:4: minmay_skeletal_surprise, layout_cave_pools, serial_sigils,
          serial_sigils_hangedman_gnaw, serial_sigils_hangedman_snap,
          serial_sigils_hangedman_shear, serial_sigils_hangedman_confine,
          serial_sigils_hangedman_scar, nrook_campfire, abyss_entry_flame_altar,
          grunt_mini_vestibule, abandoned_shop
Depths:5: evilmike_zot_entry_diamond, layout_gridlike, pf_hell_entry_great_geh,
          gammafunk_ghost_arena, serial_shops, nicolae_shop_trees,
          interstate_on_off, glass_columns_b, minmay_variable_closet
Zot:1:    nicolae_moth_party, layout_misc_corridors, st_stairs_9,
          hangedman_zot_decor_slant
Zot:2:    layout_twisted_circle
Zot:3:    circus_mu, layout_basic
Zot:4:    layout_onion_interference, lemuel_flame_loot_1
Zot:5:    layout_misc_corridors

Skill      XL: |  1  2  3  4  5  6  7  8  9 10 11 12 13 14 15 16 17 18 19 |
---------------+----------------------------------------------------------+-----
Fighting       | 3 4 5 6 7 8 9 10 11 12 13 14 15 16 17 | 17.2
Dodging        | 1 2 |  2.2
Axes           | 3 4 5 6 8 9 11 12 13 14 15 16 17 18 | 18.0
Armour         | 4 5 6 7 8 9 10 11 12 13 14 | 14.8
Shields        | 4 5 6 7 8 9 10 11 12 13 14 | 14.8
Invocations    | 2 3 6 8 10 11 13 14 16 17 18 19 21 22 | 22.3

Action                   |  1- 3 |  4- 6 |  7- 9 | 10-12 | 13-15 | 16-18 | 19-21 || total
-------------------------+-------+-------+-------+-------+-------+-------+-------++-------
Melee: War axe           |    91 |   206 |   474 |  1074 |   397 |       |       ||  2242
       Broad axe         |       |       |       |       |   844 |  1088 |   317 ||  2249
Invok: Lesser Servant of |       |       |       |     7 |    16 |       |       ||    23
       Greater Servant o |       |       |       |       |    13 |    12 |     6 ||    31
 Abil: Heal Wounds       |     2 |     3 |    14 |    24 |    36 |    19 |    16 ||   114
Evoke: Wand              |       |       |     3 |       |       |       |       ||     3
       Lamp of fire      |       |       |       |       |       |     1 |     2 ||     3
  Use: Scroll            |       |       |    10 |    13 |    12 |     9 |     7 ||    51
       Potion            |       |       |     4 |       |     2 |     8 |     6 ||    20
 Stab: Distracted        |       |       |       |       |     5 |     4 |     4 ||    13
       Confused          |       |       |       |       |       |     2 |       ||     2
       Sleeping          |       |       |       |       |       |     3 |     1 ||     4
       Invisible         |       |       |       |       |       |       |     1 ||     1
  Eat: Chunk             |       |     4 |    21 |    20 |    21 |    11 |     3 ||    80
       Ration            |       |       |       |       |       |     1 |       ||     1
Armor: Scale mail        |    46 |    98 |    21 |       |       |       |       ||   165
       Chain mail        |       |       |   223 |   774 |   364 |       |       ||  1361
       Crystal plate arm |       |       |       |       |   613 |  1100 |    63 ||  1776
       Plate armour      |       |       |       |       |       |       |   195 ||   195
       Skin              |       |       |       |       |       |       |     4 ||     4
Dodge: Dodged            |    36 |    89 |   129 |   367 |   317 |   294 |    65 ||  1297
Block: Kite shield       |    63 |   125 |   288 |   798 |   987 |   830 |   224 ||  3315

Table legend:
 A = Non-vault XP
 B = Vault XP
 C = Vault XP percentage of total XP
 D = Non-vault monster count
 E = Vault monster count
 F = Vault count percentage of total count
                 A         B        C        D         E       F
            +---------+---------+-------+---------+---------+-------
      Total |  313485 |  160327 |  33.8 |     844 |     316 |  27.2
            +---------+---------+-------+---------+---------+-------
        D:1 |      30 |       0 |   0.0 |      13 |       0 |   0.0
        D:2 |       1 |      39 |  97.5 |       1 |      13 |  92.9
        D:3 |     158 |       0 |   0.0 |      32 |       0 |   0.0
        D:4 |     278 |       0 |   0.0 |      18 |       0 |   0.0
        D:5 |     447 |     115 |  20.5 |      30 |       1 |   3.2
        D:6 |     804 |      13 |   1.6 |      18 |       5 |  21.7
        D:7 |     598 |    1204 |  66.8 |      21 |      15 |  41.7
        D:8 |    1688 |       0 |   0.0 |      33 |       0 |   0.0
        D:9 |    2627 |     548 |  17.3 |      35 |      18 |  34.0
       D:10 |    2519 |       0 |   0.0 |      33 |       0 |   0.0
       D:11 |    6729 |       0 |   0.0 |      44 |       0 |   0.0
       D:12 |    4310 |    2061 |  32.3 |      26 |       6 |  18.8
       D:13 |    6814 |    1474 |  17.8 |      30 |       3 |   9.1
       D:14 |    5386 |    1785 |  24.9 |      21 |       9 |  30.0
       D:15 |   16142 |    4944 |  23.4 |      51 |       8 |  13.6
     Lair:1 |     344 |       0 |   0.0 |       2 |       0 |   0.0
     Lair:2 |    3768 |    3008 |  44.4 |      17 |       8 |  32.0
     Lair:3 |    3457 |     762 |  18.1 |      20 |       2 |   9.1
     Lair:4 |     411 |       0 |   0.0 |       1 |       0 |   0.0
     Lair:5 |    8774 |    6978 |  44.3 |      32 |      42 |  56.8
     Lair:6 |    4694 |     182 |   3.7 |      20 |       6 |  23.1
    Swamp:1 |    8499 |       0 |   0.0 |      27 |       0 |   0.0
    Swamp:2 |    1458 |       0 |   0.0 |       5 |       0 |   0.0
    Swamp:3 |    4067 |    3790 |  48.2 |      14 |       2 |  12.5
    Swamp:4 |   11766 |   13199 |  52.9 |      21 |      23 |  52.3
    Snake:1 |    5606 |     805 |  12.6 |      10 |       1 |   9.1
    Snake:2 |    6364 |    5882 |  48.0 |      13 |       8 |  38.1
    Snake:3 |    7484 |       0 |   0.0 |      12 |       0 |   0.0
    Snake:4 |    8087 |   20443 |  71.7 |      19 |      44 |  69.8
    Slime:1 |    3919 |       0 |   0.0 |       7 |       0 |   0.0
    Slime:2 |    2892 |       0 |   0.0 |      11 |       0 |   0.0
    Slime:3 |    6660 |       0 |   0.0 |      17 |       0 |   0.0
    Slime:4 |    1054 |       0 |   0.0 |       4 |       0 |   0.0
    Slime:5 |   10095 |   29030 |  74.2 |      13 |      13 |  50.0
   Depths:1 |   28479 |       0 |   0.0 |      38 |       0 |   0.0
   Depths:2 |    4290 |    2761 |  39.2 |       5 |       3 |  37.5
   Depths:3 |   25413 |   34111 |  57.3 |      29 |      14 |  32.6
   Depths:4 |   44824 |     947 |   2.1 |      56 |       2 |   3.4
   Depths:5 |    9934 |    9409 |  48.6 |      12 |       7 |  36.8
      Zot:1 |    6723 |    6603 |  49.5 |       3 |       3 |  50.0
      Zot:2 |    7334 |       0 |   0.0 |       5 |       0 |   0.0
      Zot:3 |    8117 |     101 |   1.2 |       9 |       1 |  10.0
      Zot:4 |   26877 |       0 |   0.0 |      14 |       0 |   0.0
      Zot:5 |    3564 |    5513 |  60.7 |       2 |       2 |  50.0
      Sewer |       0 |     653 | 100.0 |       0 |      28 | 100.0
      IceCv |       0 |    3967 | 100.0 |       0 |      29 | 100.0
            +---------+---------+-------+---------+---------+-------
